TOP OF THE 1ST |
Montgomery Biscuits batting - Pitching for West Virginia Power : RHP Chris Mitchell
|
Pitching: RHP Chris Mitchell
|
|
Batting: LHB Alberto Santos
|
0-0: Ball 1-0: Called Strike 1-1: Called Strike 1-2: Ball 2-2: Ball 3-2: Foul Ball, location: 2F 3-2: Base on Balls
|
Batting: LHB António Fernández
|
0-0: Called Strike 0-1: Called Strike 0-2: Ball Pickoff Throw by Catcher to First - Error! E2 Alberto Santos to second 1-2: Ground out 4-3 (Groundball, 34) Alberto Santos to third
|
Batting: RHB José Montoya
|
0-0: Foul Ball, location: 2F 0-1: Swinging Strike 0-2: Strikes out looking and he ARGUES THE CALL AND IS TOSSED!
|
Batting: SHB Terry O'Farrell
|
0-0: Called Strike 0-1: Ball 1-1: Ball 2-1: Swinging Strike 2-2: Foul Ball, location: 2F 2-2: Ground out U3 (Groundball, 3)
|
Top of the 1st over - 0 run(s), 0 hit(s), 1 error(s), 1 left on base; Montgomery 0 - West Virginia 0 |
BOTTOM OF THE 1ST |
West Virginia Power batting - Pitching for Montgomery Biscuits : RHP Jim Baker
|
Pitching: RHP Jim Baker
|
|
Now at 1B: Jack Estes
|
|
Batting: RHB Pablo Sandoval
|
0-0: Ball 1-0: Ball 2-0: DOUBLE (Line Drive, 78M)
|
Batting: LHB Héctor Cruz
|
0-0: Called Strike Pablo Sandoval steals 3rd base 0-1: Ball 1-1: SINGLE (Line Drive, 6) Pablo Sandoval scores
|
Batting: RHB Nick Harris
|
0-0: Ball 1-0: Ball 2-0: Ball 3-0: Base on Balls Héctor Cruz to second
|
Batting: RHB Juan Alberto
|
0-0: DOUBLE (Flyball, 78D) Héctor Cruz scores Nick Harris to third Runner from 3rd tries for Home, SAFE, no throw
|
Batting: RHB Mike Ingram
|
0-0: Ball 1-0: Called Strike 1-1: Swinging Strike 1-2: Foul Ball, location: 2F 1-2: Foul Ball, location: 2F 1-2: Ground out 6-3 (Groundball, 6)
|
Batting: LHB Héctor Soto
|
0-0: Ball 1-0: Fly out, F9 (Flyball, 9LM)
|
Now in RF: Brian MacIntosh
|
|
Batting: RHB Jesse McKnight
|
0-0: Foul Ball, location: 2F 0-1: Ball 1-1: Foul Ball, location: 2F 1-2: Ball 2-2: Ball 3-2: Base on Balls
|
Batting: RHB Blair Whitehead
|
0-0: Ball 1-0: Ball 2-0: Ball 3-0: Called Strike 3-1: Base on Balls Juan Alberto to third Jesse McKnight to second
|
Batting: RHB Javier Peña
|
0-0: Ball 1-0: Foul Ball, location: 2F 1-1: Swinging Strike 1-2: Foul Ball, location: 2F 1-2: Fly out, F9 (Flyball, 9LSF)
|
Bottom of the 1st over - 3 run(s), 3 hit(s), 0 error(s), 3 left on base; Montgomery 0 - West Virginia 3 |
TOP OF THE 2ND |
Montgomery Biscuits batting - Pitching for West Virginia Power : RHP Chris Mitchell
|
Batting: RHB Carlos Vásquez
|
0-0: Foul Ball, location: 2F 0-1: Called Strike 0-2: Strikes out swinging
|
Batting: LHB Bob Jones
|
0-0: SINGLE (Line Drive, 8LS)
|
Batting: RHB Rusty Downy
|
0-0: Ball 1-0: Ball 2-0: Called Strike 2-1: Swinging Strike 2-2: Ball 3-2: Base on Balls Bob Jones to second
|
Batting: RHB Glen MacDonald
|
0-0: Ball 1-0: Ball Bob Jones steals 3rd base Rusty Downy to second 2-0: Called Strike 2-1: Swinging Strike 2-2: Ball 3-2: Strikes out looking
|
Batting: LHB Brian MacIntosh
|
0-0: Ball 1-0: Called Strike 1-1: Swinging Strike 1-2: Strikes out swinging
|
Top of the 2nd over - 0 run(s), 1 hit(s), 0 error(s), 2 left on base; Montgomery 0 - West Virginia 3 |
BOTTOM OF THE 2ND |
West Virginia Power batting - Pitching for Montgomery Biscuits : RHP Jim Baker
|
Batting: RHB Pablo Sandoval
|
0-0: Ball 1-0: Ball 2-0: Called Strike 2-1: Ball 3-1: Foul Ball, location: 2F 3-2: Foul Ball, location: 2F 3-2: Ground out 5-3 (Groundball, 5)
|
Batting: LHB Héctor Cruz
|
0-0: Ball 1-0: Ball 2-0: Ball 3-0: Called Strike 3-1: Swinging Strike 3-2: Ground out 1-3 (Groundball, P)
|
Batting: RHB Nick Harris
|
0-0: Ball 1-0: Fly out, F9 (Line Drive, 9LM)
|
Bottom of the 2nd over - 0 run(s), 0 hit(s), 0 error(s), 0 left on base; Montgomery 0 - West Virginia 3 |
TOP OF THE 3RD |
Montgomery Biscuits batting - Pitching for West Virginia Power : RHP Chris Mitchell
|
Batting: LHB Alberto Santos
|
0-0: Ball 1-0: Fly out, F4 (Popup, 3D)
|
Batting: LHB António Fernández
|
0-0: Foul Ball, location: 2F 0-1: Ball 1-1: Swinging Strike 1-2: Strikes out looking
|
Batting: SHB Jack Estes
|
0-0: Ball 1-0: Called Strike 1-1: Swinging Strike 1-2: Ball 2-2: Strikes out swinging
|
Top of the 3rd over - 0 run(s), 0 hit(s), 0 error(s), 0 left on base; Montgomery 0 - West Virginia 3 |
BOTTOM OF THE 3RD |
West Virginia Power batting - Pitching for Montgomery Biscuits : RHP Jim Baker
|
Batting: RHB Juan Alberto
|
0-0: Ball 1-0: Ball 2-0: Foul Ball, location: 2F 2-1: Foul Ball, location: 2F 2-2: Foul Ball, location: 2F 2-2: Ball 3-2: Strikes out looking
|
Batting: RHB Mike Ingram
|
0-0: Ball 1-0: Ball 2-0: Called Strike 2-1: Called Strike 2-2: SINGLE (Line Drive, 56)
|
Batting: LHB Héctor Soto
|
0-0: Ball Mike Ingram steals 2nd base 1-0: Foul Ball, location: 2F 1-1: 2-RUN HOME RUN (Flyball, 8RXD), Distance : 419 ft
|
Batting: RHB Jesse McKnight
|
0-0: Called Strike 0-1: Foul Ball, location: 2F 0-2: Foul Ball, location: 2F 0-2: Ball 1-2: Foul Ball, location: 2F 1-2: Ball 2-2: Strikes out swinging
|
Batting: RHB Blair Whitehead
|
0-0: Fly out, F9 (Flyball, 9LS)
|
Bottom of the 3rd over - 2 run(s), 2 hit(s), 0 error(s), 0 left on base; Montgomery 0 - West Virginia 5 |
TOP OF THE 4TH |
Montgomery Biscuits batting - Pitching for West Virginia Power : RHP Chris Mitchell
|
Batting: SHB Terry O'Farrell
|
0-0: Called Strike 0-1: Ball 1-1: DOUBLE (Line Drive, 78XD)
|
Batting: RHB Carlos Vásquez
|
0-0: Ball 1-0: Called Strike 1-1: TRIPLE (Line Drive, 89M) Terry O'Farrell scores
|
Batting: LHB Bob Jones
|
0-0: Ball 1-0: Ground out 6-3 (Groundball, 6) Carlos Vásquez scores
|
Batting: RHB Rusty Downy
|
0-0: Ball 1-0: SINGLE (Flyball, 8RS)
|
Batting: RHB Glen MacDonald
|
0-0: Swinging Strike 0-1: Fly out, F2 (Popup, 25)
|
Batting: LHB Brian MacIntosh
|
0-0: Called Strike 0-1: Ball 1-1: Ball 2-1: Foul Ball, location: 2F 2-2: Ball 3-2: Strikes out looking
|
Top of the 4th over - 2 run(s), 3 hit(s), 0 error(s), 1 left on base; Montgomery 2 - West Virginia 5 |
BOTTOM OF THE 4TH |
West Virginia Power batting - Pitching for Montgomery Biscuits : RHP Jim Baker
|
Batting: RHB Javier Peña
|
0-0: Ball 1-0: Foul Ball, location: 2F 1-1: Ball 2-1: Called Strike 2-2: Strikes out swinging
|
Batting: RHB Pablo Sandoval
|
0-0: Ball 1-0: Foul Ball, location: 2F 1-1: Foul Ball, location: 2F 1-2: SINGLE (Line Drive, 7LS)
|
Batting: LHB Héctor Cruz
|
0-0: Ball Pablo Sandoval steals 2nd base 1-0: Foul Ball, location: 2F 1-1: Fly out, F7 (Flyball, 7)
|
Batting: RHB Nick Harris
|
0-0: Ball 1-0: Ball 2-0: Ball 3-0: Called Strike 3-1: Called Strike 3-2: Foul Ball, location: 2F 3-2: Base on Balls
|
Batting: RHB Juan Alberto
|
0-0: Swinging Strike 0-1: Foul Ball, location: 2F 0-2: Fly out, F5 (Line Drive, 5)
|
Bottom of the 4th over - 0 run(s), 1 hit(s), 0 error(s), 2 left on base; Montgomery 2 - West Virginia 5 |
TOP OF THE 5TH |
Montgomery Biscuits batting - Pitching for West Virginia Power : RHP Chris Mitchell
|
Batting: LHB Alberto Santos
|
0-0: Called Strike 0-1: Swinging Strike 0-2: Ball 1-2: Ground out 5-3 (Groundball, 25)
|
Batting: LHB António Fernández
|
0-0: Called Strike 0-1: Ball 1-1: Ball 2-1: Fly out, F6 (Line Drive, 6)
|
Batting: SHB Jack Estes
|
0-0: Called Strike 0-1: Ball 1-1: Foul Ball, location: 2F 1-2: Strikes out swinging
|
Top of the 5th over - 0 run(s), 0 hit(s), 0 error(s), 0 left on base; Montgomery 2 - West Virginia 5 |
BOTTOM OF THE 5TH |
West Virginia Power batting - Pitching for Montgomery Biscuits : RHP Jim Baker
|
Pitching: RHP Steven Browne
|
|
Batting: RHB Mike Ingram
|
0-0: Called Strike 0-1: Called Strike 0-2: Ball 1-2: Fly out, F4 (Line Drive, 4)
|
Batting: LHB Héctor Soto
|
0-0: Ball 1-0: Ball 2-0: Ball 3-0: Base on Balls
|
Batting: RHB Jesse McKnight
|
0-0: Swinging Strike 0-1: Foul Ball, location: 2F 0-2: Ball 1-2: Strikes out looking
|
Batting: RHB Blair Whitehead
|
0-0: Ball 1-0: Ball 2-0: SINGLE (Groundball, 6MD) Héctor Soto to second
|
Batting: RHB Javier Peña
|
0-0: Called Strike 0-1: Swinging Strike 0-2: Foul Ball, location: 2F 0-2: Ball 1-2: Ball 2-2: Ball 3-2: Foul Ball, location: 2F 3-2: Foul Ball, location: 2F 3-2: Strikes out swinging
|
Bottom of the 5th over - 0 run(s), 1 hit(s), 0 error(s), 2 left on base; Montgomery 2 - West Virginia 5 |
TOP OF THE 6TH |
Montgomery Biscuits batting - Pitching for West Virginia Power : RHP Chris Mitchell
|
Pitching: RHP Mike Frank
|
|
Batting: SHB Terry O'Farrell
|
0-0: Ball 1-0: Swinging Strike 1-1: Ball 2-1: Foul Ball, location: 2F 2-2: Strikes out swinging
|
Batting: RHB Carlos Vásquez
|
0-0: Ground out 6-3 (Groundball, 6)
|
Batting: LHB Bob Jones
|
0-0: Ball 1-0: Ball 2-0: Foul Ball, location: 2F 2-1: Ground out 4-3 (Groundball, 4)
|
Top of the 6th over - 0 run(s), 0 hit(s), 0 error(s), 0 left on base; Montgomery 2 - West Virginia 5 |
BOTTOM OF THE 6TH |
West Virginia Power batting - Pitching for Montgomery Biscuits : RHP Steven Browne
|
Batting: RHB Pablo Sandoval
|
0-0: Foul Ball, location: 2F 0-1: Called Strike 0-2: Strikes out swinging
|
Batting: LHB Héctor Cruz
|
0-0: Ball 1-0: Ball 2-0: Ball 3-0: Called Strike 3-1: Called Strike 3-2: Base on Balls
|
Batting: RHB Nick Harris
|
0-0: Foul Ball, location: 2F 0-1: Swinging Strike 0-2: Ball 1-2: Ball 2-2: Foul Ball, location: 2F 2-2: Fly out, F9 (Flyball, 89S)
|
Pitching: RHP Jorge Gonzáles
|
|
Batting: RHB Juan Alberto
|
0-0: Ball 1-0: Ball 2-0: Ball 3-0: Base on Balls Héctor Cruz to second
|
Batting: RHB Mike Ingram
|
0-0: Ball 1-0: Ball 2-0: Ball 3-0: Called Strike 3-1: Ground out 1-3 (Groundball, P)
|
Bottom of the 6th over - 0 run(s), 0 hit(s), 0 error(s), 2 left on base; Montgomery 2 - West Virginia 5 |
TOP OF THE 7TH |
Montgomery Biscuits batting - Pitching for West Virginia Power : RHP Mike Frank
|
Batting: RHB Rusty Downy
|
0-0: Called Strike 0-1: Foul Ball, location: 2F 0-2: Fly out, F8 (Line Drive, 8RM)
|
Batting: RHB Glen MacDonald
|
0-0: Foul Ball, location: 2F 0-1: Ball 1-1: Ball 2-1: Swinging Strike 2-2: Foul Ball, location: 2F 2-2: Strikes out swinging
|
Batting: LHB Brian MacIntosh
|
0-0: Ball 1-0: Ball 2-0: SINGLE (Flyball, 8LS)
|
Batting: LHB Alberto Santos
|
0-0: Fly out, F6 (Popup, 4MS)
|
Top of the 7th over - 0 run(s), 1 hit(s), 0 error(s), 1 left on base; Montgomery 2 - West Virginia 5 |
BOTTOM OF THE 7TH |
West Virginia Power batting - Pitching for Montgomery Biscuits : RHP Jorge Gonzáles
|
Batting: LHB Héctor Soto
|
0-0: Called Strike 0-1: Ball 1-1: Fly out, F9 (Flyball, 9LMF)
|
Batting: RHB Jesse McKnight
|
0-0: Ball 1-0: Foul Ball, location: 2F 1-1: Fly out, F9 (Flyball, 89XD)
|
Pitching: RHP Clancy Steele
|
|
Batting: RHB Blair Whitehead
|
0-0: Ball 1-0: Ball 2-0: Foul Ball, location: 2F 2-1: Ball 3-1: Called Strike 3-2: Foul Ball, location: 2F 3-2: Strikes out swinging, 2-3 out at first.
|
Bottom of the 7th over - 0 run(s), 0 hit(s), 0 error(s), 0 left on base; Montgomery 2 - West Virginia 5 |
TOP OF THE 8TH |
Montgomery Biscuits batting - Pitching for West Virginia Power : RHP Mike Frank
|
Batting: LHB António Fernández
|
0-0: Called Strike 0-1: Foul Ball, location: 2F 0-2: Strikes out swinging
|
Batting: SHB Jack Estes
|
0-0: Ball 1-0: Called Strike 1-1: Foul Ball, location: 2F 1-2: Ground out 1-3 (Groundball, 13S)
|
Batting: SHB Terry O'Farrell
|
0-0: Ball 1-0: Swinging Strike 1-1: Foul Ball, location: 2F 1-2: Ball 2-2: Ball 3-2: Base on Balls
|
Pitching: RHP Rafael Trujillo
|
|
Batting: RHB Carlos Vásquez
|
0-0: Ball 1-0: Ball 2-0: Ball 3-0: Base on Balls Terry O'Farrell to second
|
Pitching: LHP John Helms
|
|
Batting: LHB Bob Jones
|
0-0: Called Strike 0-1: Foul Ball, location: 2F 0-2: Ball 1-2: Strikes out looking
|
Top of the 8th over - 0 run(s), 0 hit(s), 0 error(s), 2 left on base; Montgomery 2 - West Virginia 5 |
BOTTOM OF THE 8TH |
West Virginia Power batting - Pitching for Montgomery Biscuits : RHP Clancy Steele
|
Batting: RHB Javier Peña
|
0-0: Called Strike 0-1: Foul Ball, location: 2F 0-2: Ball 1-2: Ball 2-2: Strikes out swinging
|
Batting: RHB Pablo Sandoval
|
0-0: Ball 1-0: SINGLE (Flyball, 9S)
|
Batting: LHB Héctor Cruz
|
0-0: Ball 1-0: Ball 2-0: Called Strike 2-1: Swinging Strike 2-2: Strikes out swinging Pablo Sandoval is caught stealing 2nd base Batter strikes out.
|
Bottom of the 8th over - 0 run(s), 1 hit(s), 0 error(s), 0 left on base; Montgomery 2 - West Virginia 5 |
TOP OF THE 9TH |
Montgomery Biscuits batting - Pitching for West Virginia Power : LHP John Helms
|
Pitching: RHP Steve Snyder
|
|
Batting: RHB Rusty Downy
|
0-0: Called Strike 0-1: Ball 1-1: Ball 2-1: DOUBLE (Line Drive, 8RXD)
|
Batting: RHB Glen MacDonald
|
0-0: Called Strike 0-1: Foul Ball, location: 2F 0-2: Strikes out swinging
|
Batting: LHB Brian MacIntosh
|
0-0: Foul Ball, location: 2F 0-1: Called Strike 0-2: Ball 1-2: Strikes out looking
|
Batting: LHB Alberto Santos
|
0-0: Called Strike 0-1: Swinging Strike 0-2: Strikes out looking
|
Top of the 9th over - 0 run(s), 1 hit(s), 0 error(s), 1 left on base; Montgomery 2 - West Virginia 5 |
|